 Dungeon Crawl Stone Soup version 0.32-a0-17-gb74e046682 (webtiles) character file.

Game seed: 17004494425845740058

1720830 Zgarb the Spellbinder (level 25, 213/213 HPs)
             Began as a Vampire Brigand on Dec 21, 2023.
             Was an Initiate of Gozag.
             Escaped with the Orb
             ... and 3 runes
             ... and 1 gem on Jan 15, 2024!
             The game lasted 04:53:13 (71091 turns).

Zgarb the Spellbinder (Vampire Brigand)            Turns: 71091, Time: 04:53:14

Health: 213/213    AC: 17    Str:  7    XL:     25   Next: 60%
Magic:  41/41      EV: 29    Int: 20    God:    Gozag
Gold:   6534       SH: 16    Dex: 26    Spells: 4/42 levels left

rFire   + + .        b - +9 sword of Zonguldrok {reap}
rCold   + + .        Y - +3 kite shield {rPois}
rNeg    . . .        i - +5 moon troll leather armour {Spirit, Regen++ MP+5}
rPois   +            V - +2 helmet {Int+3}
rElec   +            S - scarf {rC+ rF+}
rCorr   +            A - +2 pair of gloves
SInv    +            O - +2 pair of boots {rampage}
Will    +++..        w - amulet of regeneration
Stlth   +++          U - ring "Momabb" {rF+ rC+ Will+ Str-3}
HPRegen 3.15/turn    Z - ring of Moedefeqya {rElec rCorr Int-4 Dex+6 Slay+5}
MPRegen 0.27/turn

%: guardian spirit, rampage
@: healing quickly, studying Short Blades
A: alive, fangs 3, see invisible, vampiric 2
0: Orb of Zot
}: 3/15 runes: serpentine, barnacled, silver
a: Exsanguinate, Renounce Religion, Potion Petition, Call Merchant, Bribe Branch


You escaped.
You worshipped Gozag.
Gozag was greatly pleased with you.
You visited 10 branches of the dungeon, and saw 50 of its levels.
You visited the Abyss 1 time.
You visited 1 bazaar.
You also visited: Bailey, Wizlab and Desolation.

You collected 28745 gold pieces.
You spent 5908 gold pieces at shops.
You paid 16303 gold pieces to Gozag.

Inventory:

Hand Weapons
 a - the +10 rapier "Pawul" {flame, rN+}
   (You found it on level 3 of the Elven Halls)

   rN+:       It protects you from negative energy.
 b - the +9 sword of Zonguldrok (weapon) {reap}
   (You took it off an antique champion in a wizard's laboratory)
Missiles
 C - 6 throwing nets
Armour
 i - the +5 moon troll leather armour (worn) {Spirit, Regen++ MP+5}
   (You bought it in a shop on level 2 of the Orcish Mines)

   MP+5:      It affects your magic capacity (+5).
   Regen++:   It increases your rate of health regeneration.
 A - a +2 pair of gloves (worn)
 O - a +2 pair of boots of rampaging (worn)
 S - a scarf of resistance (worn)
 V - a +2 helmet of intelligence (worn)
 Y - a +3 kite shield of poison resistance (worn)
Jewellery
 n - a +4 ring of slaying
 v - the ring of Zaskom {Str+6 Int+3 Dex+5}
   (You took it off a vault guard on level 5 of the Vaults)

   [ring of strength]

   Str+6:     It affects your strength (+6).
   Int+3:     It affects your intelligence (+3).
   Dex+5:     It affects your dexterity (+5).
 w - an amulet of regeneration (around neck)
 U - the ring "Momabb" (left hand) {rF+ rC+ Will+ Str-3}
   (You found it on level 1 of the Crypt)

   [ring of protection from fire]

   Str-3:     It affects your strength (-3).
   rF+:       It protects you from fire.
   rC+:       It protects you from cold.
   Will+:     It increases your willpower.
 Z - the ring of Moedefeqya (right hand) {rElec rCorr Int-4 Dex+6 Slay+5}
   (You bought it in a shop on level 2 of the Snake Pit)

   [ring of dexterity]

   Int-4:     It affects your intelligence (-4).
   Dex+6:     It affects your dexterity (+6).
   Slay+5:    It affects your accuracy & damage with ranged weapons and melee
   (+5).
   rElec:     It insulates you from electricity.
   rCorr:     It protects you from acid and corrosion.
Wands
 c - a wand of mindburst (47)
 l - a wand of charming (37)
 x - a wand of flame (17)
 I - a wand of polymorph (16)
 L - a wand of roots (21)
 Q - a wand of quicksilver (29)
Scrolls
 f - 5 scrolls of fear
 g - 13 scrolls of vulnerability
 o - 9 scrolls of fog
 q - a scroll of blinking
 u - 22 scrolls of teleportation
 y - 3 scrolls of silence
 B - a scroll of poison
 E - 6 scrolls of immolation
 F - a scroll of revelation
 W - 2 scrolls of summoning
Potions
 d - 3 potions of invisibility
 e - 2 potions of magic
 h - 6 potions of might
 j - 6 potions of lignification
 k - 3 potions of resistance
 m - 12 potions of curing
 p - 8 potions of attraction
 t - 8 potions of heal wounds
 z - 9 potions of enlightenment
 D - 4 potions of berserk rage
 G - 3 potions of haste
 J - 15 potions of brilliance
 M - 2 potions of ambrosia
 P - 2 potions of cancellation
 R - a potion of mutation
Miscellaneous
 r - a phial of floods
 s - a phantom mirror
 H - a lightning rod (4/4)
 N - a condenser vane


   Skills:
 + Level 20.9 Fighting
 - Level 10.0(14.3) Short Blades
 - Level 15.0(16.0) Long Blades
 - Level 4.0 Throwing
 - Level 2.0 Armour
 + Level 21.5 Dodging
 - Level 16.0 Stealth
 * Level 8.7 Shields
 - Level 9.0 Spellcasting
 O Level 27 Hexes
 - Level 15.3 Necromancy
 - Level 6.0 Translocations
 - Level 12.5 Earth Magic
 - Level 9.0 Alchemy
 - Level 10.0 Evocations


You had 4 spell levels left.
You knew the following spells:

 Your Spells              Type           Power      Damage    Failure   Level
a - Confusing Touch       Hex            86%        N/A       0%          3
b - Cause Fear            Hex            43%        N/A       0%          4
c - Enfeeble              Hex            43%        N/A       1%          7
d - Yara's Violent Unrav  Hex/Alch       34%        3d14      1%          5
e - Borgnjor's Vile Clut  Necr/Erth      29%        N/A       4%          5
f - Dispel Undead         Necr           63%        3d22      1%          4
g - Discord               Hex            43%        N/A       4%          8
h - Blink                 Tloc           66%        N/A       6%          2

Your spell library contained the following spells:

 Spells                   Type           Power      Damage    Failure   Level
 Slow                     Hex            100%       N/A       0%          1
 Jinxbite                 Hex            100%       N/A       0%          2
 Sigil of Binding         Hex            86%        N/A       0%          3
 Necrotise                Necr           100%       1d9       1%          1
 Ensorcelled Hibernation  Hex/Ice        100%       N/A       1%          2
 Sublimation of Blood     Necr           63%        N/A       1%          2
 Dazzling Flash           Conj/Hex       100%       N/A       1%          3
 Fugue of the Fallen      Necr           63%        N/A       1%          3
 Vampiric Draining        Necr           63%        2d10      1%          3
 Anguish                  Hex/Necr       38%        N/A       1%          4
 Kiss of Death            Conj/Necr      100%       2d13      2%          1
 Cigotuvi's Dreadful Rot  Necr/Alch/Air  82%        N/A       2%          2
 Apportation              Tloc           66%        N/A       4%          1
 Lesser Beckoning         Tloc           66%        N/A       6%          2
 Leda's Liquefaction      Alch/Erth      25%        N/A       6%          4
 Petrify                  Alch/Erth      51%        N/A       6%          4
 Sting                    Conj/Alch      100%       1d9       8%          1
 Stone Arrow              Conj/Erth      68%        3d11      11%         3
 Gell's Gravitas          Tloc           33%        N/A       12%         3
 Teleport Other           Tloc           33%        N/A       12%         3
 Momentum Strike          Conj/Tloc      42%        3d9       22%         2
 Animate Armour           Summ/Erth      68%        N/A       36%         4
 Brom's Barrelling Bould  Conj/Erth      34%        2d5       36%         4
 Volatile Blastmotes      Fire/Tloc      42%        2d13      38%         3
 Manifold Assault         Tloc           33%        N/A       38%         4
 Passage of Golubria      Tloc           33%        N/A       38%         4
 Magic Dart               Conj           36%        1d4       43%         1
 Shock                    Conj/Air       36%        1d5       43%         1
 Summon Small Mammal      Summ           36%        N/A       43%         1
 Call Imp                 Summ           18%        N/A       58%         2
 Searing Ray              Conj           18%        2d5       58%         2
 Fulminant Prism          Conj/Alch      13%        3d8       58%         4
 Ignite Poison            Fire/Alch      27%        N/A       58%         4
 Sticky Flame             Fire/Alch      27%        2d7       58%         4
 Iskenderun's Mystic Bla  Conj/Tloc      21%        2d6       80%         4
 Vhi's Electric Charge    Tloc/Air       42%        N/A       80%         4
 Call Canine Familiar     Summ           9%         N/A       82%         3
 Frozen Ramparts          Ice            18%        1d3       82%         3
 Hailstorm                Conj/Ice       9%         3d6       82%         3
 Ozocubu's Armour         Ice            9%         N/A       82%         3
 Summon Ice Beast         Ice/Summ       9%         N/A       82%         3
 Swiftness                Air            9%         N/A       82%         3
 Airstrike                Air            4%         2d(1-17)  99%         4
 Summon Blazeheart Golem  Fire/Summ      9%         N/A       99%         4
 Metabolic Englaciation   Hex/Ice        29%        N/A       5%          5
 Silence                  Hex/Air        29%        N/A       5%          5
 Lee's Rapid Deconstruct  Erth           28%        3d15*     8%          5
 Death Channel            Necr           31%        N/A       14%         6
 Alistair's Intoxication  Alch           30%        N/A       32%         5
 Eringya's Noxious Bog    Alch           22%        4d6       88%         6
 Irradiate                Conj/Alch      13%        3d16      91%         5
 Summon Forest            Summ/Tloc      10%        N/A       98%         5
 Bombard                  Conj/Erth      17%        9d3       99%         6
 Dispersal                Tloc           16%        N/A       99%         6
 Arcjolt                  Conj/Air       4%         1d14      100%        5
 Freezing Cloud           Conj/Ice/Air   4%         6-21      100%        5
 Conjure Ball Lightning   Conj/Air       4%         3x3d6     100%        6
 Sculpt Simulacrum        Ice/Alch       13%        N/A       100%        6
 Starburst                Conj/Fire      4%         6d4       100%        6
 Summon Cactus Giant      Summ           4%         N/A       100%        6
 Haunt                    Necr/Summ      19%        N/A       100%        7
 Malign Gateway           Summ/Tloc      10%        N/A       100%        7
 Orb of Destruction       Conj           4%         9d5       100%        7
 Spellforged Servitor     Conj/Summ      4%         N/A       100%        7
 Summon Hydra             Summ           4%         N/A       100%        7
 Disjunction              Tloc           16%        N/A       100%        8
 Ignition                 Fire           4%         3d4       100%        8
 Lehudib's Crystal Spear  Conj/Erth      17%        10d5      100%        8
 Maxwell's Capacitive Co  Air            4%         ∞         100%        8
 Summon Horrible Things   Summ           4%         N/A       100%        8
 Polar Vortex             Ice            4%         N/A       100%        9
 Animate Dead             Necr           Unusable   N/A       N/A         4
 Borgnjor's Revivificati  Necr           Unusable   N/A       N/A         8
 Death's Door             Necr           Unusable   N/A       N/A         9

Dungeon Overview and Level Annotations

Branches:
Dungeon (15/15)            Temple (0/1) D:6            Lair (5/5) D:11
 Shoals (4/4) Lair:2        Snake (4/4) Lair:3        Slime (0/5) Lair:4
    Orc (2/2) D:11            Elf (3/3) Orc:2        Vaults (5/5) D:14
  Crypt (3/3) Vaults:2       Tomb (0/3) Crypt:3      Depths (4/4) D:15
    Zot (5/5) Depths:4     Bailey (visited)          WizLab (visited)
Desolation (visited)

Altars:
Ashenzari
Gozag
Hepliaklqana
Okawaru
Qazlal
Ru
Sif Muna
Trog
Yredelemnul
Ignis

Shops:
D:15 *   Orc:1 ![(:[   Orc:2 (*[::   Elf:1 *   Shoals:3 (*[*(   Snake:2 ==
Snake:3 (   Vaults:4 ??([   Vaults:5 (   Depths:3 !

Portals:
Hell: Depths:1 Depths:2 Depths:3 Depths:4
Abyss: Vaults:4 Depths:3 Depths:4
Pandemonium: Depths:2
Ziggurat: Depths:1

Annotations:
D:3 3 runed translucent doors, Crazy Yiuf; Dirian's ghost, weakling MiFi
Elf:2 3 runed translucent doors
Vaults:4 2 transporters, Fieg's ghost, veteran HuWn
Zot:4 Josephina


Innate Abilities, Weirdness & Mutations

Your natural rate of healing is accelerated.
You have razor-sharp teeth.
You have supernaturally acute eyesight. (SInv)
You are afflicted with vampirism and can become a bat while bloodless.


Message History

The black bear dissolves into shadows!
The ice beast dissolves into shadows!
You now have 6517 gold pieces (gained 5).
There is a stone staircase leading up here.
You climb upwards.
There is a stone staircase leading down here.
An Orb Guardian comes into view.
There is an open door here.
You rampage towards the Orb Guardian!
You rampage towards the Orb Guardian!
You hit the Orb Guardian but do no damage.
You bite the Orb Guardian.
The Orb Guardian is lightly wounded.
You block the Orb Guardian's attack. x2
You slice the Orb Guardian!!
The Orb Guardian is moderately wounded.
You block the Orb Guardian's attack.
You slice the Orb Guardian!!
The Orb Guardian is severely wounded.
The Orb Guardian barely misses you.
You slice the Orb Guardian like a ripe choko!!!
You kill the Orb Guardian!
You now have 6534 gold pieces (gained 17).
There is a stone staircase leading up here.
You climb upwards.
Level annotation: 3 runed translucent doors, Crazy Yiuf; Dirian's ghost, weakling MiFi
There is a stone staircase leading down here.
Magic restored.
There is a stone staircase leading up here.
You climb upwards.
There is a stone staircase leading down here.
There is a stone staircase leading up here.
You climb upwards.
There is a stone staircase leading down here.
A balrug and 3 sun demons come into view.
The balrug is wielding a +1 demon whip of pain.
The balrug moves out of view.
The sun demon moves out of view.
The sun demon shouts!
There is an open door here.
There is a staircase leading out of the dungeon here.
You have escaped!

##...........##.# ##[.....###.
#..........####.####..#######..
#............##..#...## #...
#..........#..........######.#.
#..........#................>..
#...........§..........###.....
##.........P..#..P.....# #.....
##......#.P.###.P....## #.....
########.P.#@#.P.....# #.....
#.P##.##P.....###.....
####.##...##.............
#....#..3..#....###.3....
#########.####.....#.............
..........# #.....#.######.##.2.
.......#######.....#.# #.......##
.............#.....#.# #.......#
.......##.####.....### #..3.3..#


You could see a sun demon.

Vanquished Creatures
  Frederick (Crypt:1)
  5 ancient liches
  Boris (twice) (Vaults:2 Crypt:2)
  2 antique champions (WizLab)
  A pandemonium lord (D:15)
  Vashnia (Snake:4)
  3 golden dragons
  A profane servitor (Crypt:3)
  Nikola (Vaults:2)
  the Enchantress (Depths:4)
  Jory (Vaults:2)
  A bone dragon (Crypt:3)
  6 Orb Guardians
  7 tentacled monstrosities
  Zenata (Elf:3)
  6 liches
  Mlioglotl (Snake:4)
  2 deep elf blademasters (Elf:3)
  3 titans (Vaults:5)
  11 sphinxes
  2 deep elf master archers (Elf:3)
  A death cob (Zot:1)
  4 quicksilver dragons
  A kraken (Shoals:1)
  7 ancient champions
  Gastronok (Lair:2)
  9 tengu reavers
  Agnes (Snake:2)
  5 storm dragons
  A shadow dragon (Vaults:4)
  Aizul (Snake:1)
  9 nagarajas
  Ilsuiw (Shoals:3)
  2 revenants
  A protean progenitor (Zot:1)
  The ghost of Inarius the Brawler, a journeyman TrCK of Xom (D:15)
  A draconian shifter (Depths:4)
  An iron dragon (Vaults:4)
  6 deep elf sorcerers (Elf:3)
  2 ghost moths
  5 frost giants
  14 fire giants
  12 vault wardens
  An imperial myrmidon (Desolation)
  A balrug (Depths:2)
  A draconian scorcher (Zot:5)
  A juggernaut zombie (WizLab)
  2 deep elf elementalists (Elf:3)
  2 spriggan defenders (Depths:4)
  2 draconian annihilators
  4 spectral caustic shrikes (Depths:3)
  3 curse skulls
  4 orc warlords
  13 stone giants
  6 ghouls
  16 ironbound preservers
  2 formless jellyfish
  7 very ugly things
  A caustic shrike skeleton (Abyss:2)
  A black draconian (Depths:4)
  2 green draconians
  5 ironbound thunderhulks
  11 vampire knights
  2 deep elf demonologists (Elf:3)
  10 dire elephants
  4 yellow draconians
  A war gargoyle (Vaults:4)
  4 deep elf death magi
  2 red draconians
  4 white draconians
  5 spark wasps
  13 ettins
  3 halazid warlocks (Desolation)
  11 deep elf annihilators
  4 crystal guardians
  A green death (Depths:2)
  A mummy priest (Crypt:1)
  Snorg (Lair:4)
  12 fire dragons
  2 eidola
  12 merfolk impalers
  7 deep elf high priests
  13 jiangshi
  7 merfolk javelineers
  An entropy weaver (Vaults:2)
  4 ragged hierophants (Desolation)
  An entropy weaver (shapeshifter) (Elf:3)
  11 yaktaur captains
  6 great orbs of eyes
  5 servants of whispers (Desolation)
  Fannar (Lair:1)
  9 hydras
  27 vault guards
  9 ice dragons
  A spriggan zombie (Depths:3)
  6 rakshasas
  2 spriggan air magi (Depths:4)
  4 salamander tyrants
  A caustic shrike simulacrum (Crypt:3)
  8 anacondas
  Erica (D:9)
  11 peacekeepers
  4 death knights
  A catoblepas (Lair:5)
  3 merfolk avatars
  2 ogre magi
  7 merfolk aquamancers
  3 alligator snapping turtles
  18 dancing weapons
  7 ironbound frosthearts
  10 centaur warriors
  10 boulder beetles
  2 satyrs
  12 two-headed ogres
  9 deep troll earth magi
  7 shock serpents
  20 naga warriors
  2 tengu warriors
  6 hell hogs
  13 death yaks
  A spectral dire elephant (Crypt:3)
  4 deep troll shamans
  3 thrashing horrors (Abyss:2)
  16 naga sharpshooters
  3 spriggan berserkers
  A vampire mage (Crypt:2)
  Urug (Orc:2)
  9 hell knights
  4 orc high priests
  16 deep elf knights
  A wretched star (Abyss:2)
  2 iron trolls (Depths:2)
  31 skeletal warriors
  3 shadow wraiths
  Nergalle (Lair:2)
  5 salamander mystics
  Lodul (D:10)
  7 skysharks
  A death drake (shapeshifter) (Vaults:5)
  14 naga ritualists
  A skyshark (shapeshifter) (Depths:4)
  A shadow demon (D:5)
  9 sea snakes
  An iron giant zombie (Crypt:1)
  47 deep trolls
  2 glowing orange brains
  3 flayed ghosts (Crypt:3)
  5 arcanists
  27 deep elf archers
  2 bog bodies (Crypt:1)
  A snapping turtle (shapeshifter) (Depths:4)
  6 large abominations
  9 lindwurms
  A sea snake (shapeshifter) (Vaults:5)
  11 phantasmal warriors
  Pikel (D:7)
  2 human zombies (Vaults:2)
  11 orc knights
  21 ironbound convokers
  16 mana vipers
  6 orc sorcerers
  28 harpies
  3 necromancers
  31 deep elf pyromancers
  25 deep elf zephyrmancers
  3 cyclopes
  12 manticores
  Maurice (D:8)
  A stone giant zombie (Crypt:2)
  A wolf spider (D:15)
  10 salamanders
  12 fauns
  4 moths of wrath
  51 ugly things
  A worldbinder (Abyss:2)
  6 kobold blastminers
  15 guardian serpents
  A stone giant skeleton (WizLab)
  14 vault sentinels
  19 naga magi
  12 merfolk sirens
  A mana viper zombie (Crypt:1)
  3 eyes of devastation (Zot:1)
  3 elephants (Lair:5)
  A cane toad (shapeshifter) (D:14)
  41 black mambas
  Jeremiah (D:8)
  A molten gargoyle (Desolation)
  3 smoke demons (Abyss:2)
  Maggie (D:8)
  7 water nymphs
  A gargoyle (D:13)
  11 cane toads
  A torpor snail (Lair:2)
  An elephant slug zombie (Crypt:2)
  3 kobold demonologists
  2 tormentors
  2 unseen horrors
  4 komodo dragons
  A yaktaur zombie (Vaults:2)
  A rime drake (Lair:5)
  37 yaktaurs
  A yellow draconian skeleton (Crypt:1)
  2 tengu conjurers
  9 freezing wraiths
  4 guardian mummies (Crypt:1)
  2 polar bears (Lair:5)
  A hydra zombie (Crypt:2)
  8 trolls
  3 meliai (D:14)
  9 wind drakes
  A merfolk (shapeshifter) (D:14)
  25 merfolk
  70 saltlings
  A hellwing (D:15)
  3 blink frogs (Lair:2)
  A moth of wrath zombie (Crypt:1)
  A hornet (D:10)
  4 raiju (Abyss:2)
  Prince Ribbit (D:6)
  Grinder (D:6)
  7 dream sheep
  A stone giant simulacrum (Vaults:2)
  9 snapping turtles
  A culicivora (shapeshifter) (Vaults:5)
  37 water elementals
  6 air elementals
  4 ushabtiu (Crypt:1)
  2 centaur simulacra
  22 slime creatures
  5 wyverns
  5 shadows
  8 vampires
  A wind drake zombie (Crypt:2)
  A ynoxinul (Abyss:2)
  3 humans (D:14)
  6 wargs
  39 yaks
  2 steam dragons
  6 wraiths
  Grum (D:8)
  4 basilisks
  3 fire elementals
  2 redbacks (Vaults:2)
  11 vampire mosquitoes
  A neqoxec (Abyss:2)
  A chaos spawn (D:9)
  A harpy simulacrum (Crypt:3)
  38 nagas
  Duvessa (D:5)
  2 two-headed ogre zombies (WizLab)
  A two-headed ogre skeleton (WizLab)
  12 water moccasins
  An acid dragon (D:9)
  A glowing shapeshifter skeleton (Vaults:2)
  3 ice beasts
  37 orc warriors
  A black bear (shapeshifter) (D:14)
  A black bear (Lair:5)
  16 wolves
  25 laughing skulls
  2 swamp dragon zombies (WizLab)
  7 centaurs
  22 ogres
  A phantom (D:6)
  7 kobold brigands
  3 weeping skulls
  8 bullfrogs
  2 gnoll sergeants
  2 earth elementals (Elf:3)
  5 necrophages
  A scorpion (D:5)
  2 small abominations
  2 deep troll simulacra (WizLab)
  4 burial acolytes (Crypt:3)
  A warg skeleton (Crypt:2)
  7 wights
  Dowan (D:5)
  A raiju zombie (Crypt:2)
  An electric eel (Lair:3)
  A wolf skeleton (Crypt:1)
  A centaur skeleton (Crypt:1)
  3 jellies
  17 orc priests
  A basilisk zombie (Crypt:2)
  3 gnoll boudas
  A cyclops simulacrum (WizLab)
  A starcursed mass (Abyss:2)
  A sleepcap (D:8)
  Terence (D:2)
  Natasha (thrice) (D:3)
  19 orc wizards
  An ogre skeleton (Crypt:2)
  32 gnolls
  8 adders
  2 shadow imps
  A ribbon worm zombie (Crypt:2)
  A white imp (D:7)
  2 bombardier beetles
  2 ribbon worms
  A dart slug (D:1)
  80 orcs
  7 ball pythons
  6 bats
  10 endoplasms
  2 giant cockroaches
  13 goblins
  6 hobgoblins
  4 jackals (D:1)
  43 kobolds
  3 quokkas
  5 frilled lizards
  2 frilled lizard skeletons
  A kobold zombie (Crypt:1)
  A quokka zombie (Crypt:1)
  6 rats
  4 tentacles (Shoals:1)
2125 creatures vanquished.

Vanquished Creatures (collateral kills)
  2 dread liches (Depths:3)
  3 juggernauts (Depths:3)
  2 Killer Klowns (Zot:5)
  A golden dragon (Depths:4)
  A lich (Depths:2)
  5 Orb Guardians (Zot:5)
  A death cob (Zot:4)
  A nagaraja (Depths:2)
  A ghost moth (Zot:5)
  A spriggan defender (Depths:4)
  2 green deaths (Depths:2)
  An ice dragon (Depths:4)
  A fire dragon (Depths:4)
  A rakshasa (Depths:3)
  A demonic crawler (Zot:4)
  2 deep troll earth magi
  A naga warrior (Depths:2)
  2 spriggan berserkers (Depths:4)
  A hell knight (Depths:3)
  2 mana vipers (Depths:2)
  2 deep trolls (Depths:4)
  A salamander (Snake:3)
  A smoke demon (Zot:5)
  3 spriggans (Depths:4)
39 creatures vanquished.

Vanquished Creatures (others)
  A tentacled monstrosity (Zot:5)
  10 Orb Guardians
  A tengu reaver (Depths:3)
  A ghost moth (Zot:5)
  2 draconian annihilators (Zot:5)
  A war gargoyle (Vaults:3)
  A fire dragon (Depths:3)
  A merfolk aquamancer (Shoals:4)
  An iron troll (Depths:4)
  2 deep elf zephyrmancers (Elf:2)
  2 moths of wrath (Zot:5)
  An ushabti (Crypt:1)
  A naga (Snake:4)
  An orc (Orc:1)
  2 tentacles (Shoals:1)
28 creatures vanquished.

Grand Total: 2192 creatures vanquished

Notes
Turn   | Place    | Note
-------+----------+-------------------------------------------
     0 | D:1      | Zgarb the Vampire Brigand began the quest for the Orb.
     0 | D:1      | Reached XP level 1. HP: 16/16 MP: 1/1
   115 | D:1      | Reached XP level 2. HP: 22/22 MP: 2/2
   408 | D:1      | Gained mutation: You are afflicted with vampirism and can
                  | become a bat while bloodless. [Vampire growth]
   408 | D:1      | Reached XP level 3. HP: 25/27 MP: 3/3
   793 | D:2      | Reached XP level 4. HP: 33/33 MP: 4/4
  1134 | D:2      | Learned a level 3 spell: Confusing Touch
  1134 | D:2      | Noticed Terence
  1140 | D:2      | Killed Terence
  1141 | D:2      | Reached XP level 5. HP: 38/38 MP: 5/5
  1973 | D:2      | Reached skill level 1 in Hexes
  2115 | D:3      | Reached skill level 5 in Short Blades
  2115 | D:3      | Reached XP level 6. HP: 38/44 MP: 6/6
  2317 | D:3      | Found a runed translucent door.
  2318 | D:3      | Noticed Crazy Yiuf
  2334 | D:3      | Noticed Natasha
  2338 | D:3      | Found a large runed translucent door.
  2340 | D:3      | Found a large runed translucent door.
  2341 | D:3      | Killed Natasha
  2343 | D:3      | Noticed Dirian's ghost (weakling MiFi)
  2408 | D:3      | Noticed Natasha
  2427 | D:3      | Killed Natasha
  2454 | D:3      | Reached skill level 2 in Hexes
  2497 | D:3      | Found a faded altar of an unknown god.
  2545 | D:3      | Noticed Natasha
  2554 | D:3      | Killed Natasha
  3480 | D:5      | Entered Level 5 of the Dungeon
  3530 | D:5      | Found an opulent altar of Gozag.
  3536 | D:5      | Became a worshipper of Gozag Ym Sagoz the Greedy
  3630 | D:5      | Noticed Duvessa
  3654 | D:5      | Killed Duvessa
  3655 | D:5      | Reached skill level 3 in Hexes
  3655 | D:5      | Reached XP level 7. HP: 38/49 MP: 7/7
  3669 | D:5      | Noticed Dowan
  3683 | D:5      | Killed Dowan
  3783 | D:5      | Found a hazy altar of Hepliaklqana.
  3783 | D:5      | Found a bloodstained altar of Trog.
  3881 | D:5      | Reached skill level 4 in Hexes
  4318 | D:6      | Found a staircase to the Ecumenical Temple.
  4391 | D:6      | Noticed a steam dragon
  4580 | D:6      | Noticed Prince Ribbit
  4584 | D:6      | Killed Prince Ribbit
  4585 | D:6      | Reached skill level 1 in Armour
  4585 | D:6      | Reached XP level 8. HP: 55/55 MP: 8/8
  4590 | D:6      | Noticed Grinder
  4595 | D:6      | Killed Grinder
  4910 | D:6      | Reached skill level 5 in Hexes
  5116 | D:7      | Reached skill level 10 in Stealth
  5116 | D:7      | Reached skill level 6 in Hexes
  5436 | D:7      | Noticed Pikel
  5459 | D:7      | Killed Pikel
  5460 | D:7      | Reached XP level 9. HP: 61/61 MP: 9/9
  5501 | D:7      | Reached skill level 7 in Hexes
  5639 | D:7      | Reached skill level 10 in Short Blades
  5639 | D:7      | Reached skill level 8 in Hexes
  5692 | D:7      | Reached skill level 9 in Hexes
  6047 | D:8      | Found a flagged portal.
  6107 | Bailey   | Entered a bailey
  6125 | Bailey   | Noticed an orc warlord
  6301 | Bailey   | Reached skill level 10 in Hexes
  6384 | Bailey   | Found a runed translucent gate.
  6384 | Bailey   | Found a runed translucent gate.
  6384 | Bailey   | Found a runed translucent gate.
  6421 | Bailey   | Reached XP level 10. HP: 41/68 MP: 6/10
  6581 | Bailey   | Killed an orc warlord
  6751 | D:8      | Noticed Maurice
  6756 | D:8      | Noticed Jeremiah
  6768 | D:8      | Killed Maurice
  6814 | D:8      | Killed Jeremiah
  6815 | D:8      | Reached skill level 5 in Dodging
  6998 | D:8      | Noticed Grum
  7025 | D:8      | Killed Grum
  7026 | D:8      | Reached skill level 5 in Fighting
  7113 | D:8      | Noticed Maggie
  7144 | D:8      | Killed Maggie
  7559 | D:9      | Noticed Erica
  7573 | D:9      | Killed Erica
  7650 | D:9      | Found a sacrificial altar of Ru.
  7955 | D:9      | Noticed a two-headed ogre
  7962 | D:9      | Killed a two-headed ogre
  7963 | D:9      | Reached XP level 11. HP: 83/83 MP: 11/11
  8724 | D:10     | Entered Level 10 of the Dungeon
  8812 | D:10     | Noticed a death knight
  8843 | D:10     | Killed a death knight
  9086 | D:10     | Noticed Lodul
  9105 | D:10     | Killed Lodul
  9618 | D:10     | Reached skill level 10 in Dodging
  9693 | D:10     | Reached skill level 1 in Long Blades
 10455 | D:11     | Found a staircase to the Orcish Mines.
 10533 | D:11     | Reached skill level 5 in Long Blades
 10670 | D:11     | Found a staircase to the Lair.
 10800 | D:11     | Noticed a two-headed ogre
 10811 | D:11     | Killed a two-headed ogre
 10812 | D:11     | Reached XP level 12. HP: 84/92 MP: 7/12
 11277 | Lair:1   | Entered Level 1 of the Lair of Beasts
 11520 | Lair:1   | Noticed Fannar
 11526 | Lair:1   | Killed Fannar
 12462 | Lair:2   | Noticed Nergalle
 12488 | Lair:2   | Reached XP level 13. HP: 39/86 MP: 3/13
 12501 | Lair:2   | Killed Nergalle
 12800 | Lair:2   | Found a staircase to the Shoals.
 13033 | Lair:2   | Noticed Gastronok
 13452 | Lair:2   | Identified the +6 ring mail of Onareop {rCorr}
 13927 | Lair:2   | Killed Gastronok
 14436 | Lair:3   | You fall into a shaft and drop 2 floors!
 14436 | Lair:5   | Entered Level 5 of the Lair of Beasts
 14628 | Lair:4   | Noticed Snorg
 14655 | Lair:4   | Killed Snorg
 15905 | Lair:3   | Found a staircase to the Snake Pit.
 16370 | Lair:4   | Reached XP level 14. HP: 105/105 MP: 10/14
 16605 | Lair:4   | Found a staircase to the Slime Pits.
 17050 | Lair:4   | Reached skill level 15 in Long Blades
 17684 | Lair:5   | Identified the +7 trident of True Grit {freeze, rPois rN+
                  | Stlth-}
 18455 | Lair:5   | Reached skill level 11 in Hexes
 19263 | Orc:1    | Entered Level 1 of the Orcish Mines
 19263 | Orc:1    | Found Zemp's Distillery.
 19606 | Orc:1    | Bought a potion of haste for 150 gold pieces
 19643 | Orc:1    | Found Fumag's Antique Weapon Boutique.
 19799 | Orc:1    | Found Vaitub's Armour Shop.
 19903 | Orc:1    | Found Mexieb's Armour Emporium.
 19919 | Orc:1    | Reached skill level 12 in Hexes
 20065 | Orc:1    | Found Murokaklow's Book Shop.
 20126 | Orc:1    | Bought a book of Hexes for 468 gold pieces
 20484 | Orc:1    | Learned a level 4 spell: Cause Fear
 20485 | Orc:2    | Entered Level 2 of the Orcish Mines
 20745 | Orc:2    | Found Hiwiuli's Self-Improvement Boutique.
 20916 | Orc:2    | Reached XP level 15. HP: 115/115 MP: 3/15
 20945 | Orc:2    | Learned a level 7 spell: Enfeeble
 21013 | Orc:2    | Bought a manual of Dodging for 960 gold pieces
 21102 | Orc:2    | Reached skill level 15 in Stealth
 21456 | Orc:2    | Reached skill level 13 in Hexes
 21479 | Orc:2    | Reached skill level 10 in Fighting
 21610 | Orc:2    | Noticed Urug
 21676 | Orc:2    | Found a staircase to the Elven Halls.
 21883 | Orc:2    | Killed Urug
 21997 | Orc:2    | Found Ehefie's Book Shoppe.
 22158 | Orc:2    | Found Vojonut's Antique Weapon Shoppe.
 22163 | Orc:2    | Found Veul's Antique Armour Shoppe.
 22194 | Orc:2    | Found Qielutuo's General Store.
 22242 | Orc:2    | Bought Moss's Omnibus of the Weird Deep Freeze for 630 gold
                  | pieces
 22258 | Orc:2    | Bought the +5 moon troll leather armour {Spirit, Regen++
                  | MP+5} for 1725 gold pieces
 22258 | Orc:2    | Found the +5 moon troll leather armour {Spirit, Regen++
                  | MP+5}
 22271 | Orc:2    | Bought a runed helmet for 217 gold pieces
 22796 | D:12     | Reached skill level 1 in Spellcasting
 23727 | D:13     | Identified a scroll of acquirement
 23728 | D:13     | Acquired 606 gold pieces
 24158 | D:13     | Learned a level 5 spell: Yara's Violent Unravelling
 24456 | D:13     | Reached skill level 1 in Alchemy
 24954 | D:14     | Reached skill level 14 in Hexes
 25910 | D:14     | Found a gate to the Vaults.
 26133 | D:15     | Entered Level 15 of the Dungeon
 26133 | D:15     | Found a runed translucent gate.
 26133 | D:15     | Found a runed translucent gate.
 26133 | D:15     | Found a runed translucent gate.
 26144 | D:15     | Noticed Inarius's ghost (journeyman TrCK)
 26193 | D:15     | Found Celae's General Store.
 26213 | D:15     | Reached XP level 16. HP: 125/125 MP: 22/22
 26239 | D:15     | Bought a wand of digging (3) for 163 gold pieces
 26972 | D:15     | Found a staircase to the Depths.
 27149 | D:15     | Acquired 331 gold pieces
 27355 | D:15     | Reached skill level 15 in Dodging
 27606 | D:15     | Found an iron altar of Okawaru.
 27934 | Snake:1  | Entered Level 1 of the Snake Pit
 27996 | Snake:1  | Identified the +9 plate armour "Gecacw" {rPois}
 28270 | Snake:1  | Identified the serpent talisman of Vanity
 28270 | Snake:1  | Noticed Aizul
 28277 | Snake:1  | Killed Aizul
 28278 | Snake:1  | Reached skill level 15 in Hexes
 28394 | Snake:1  | Reached skill level 5 in Spellcasting
 28407 | Snake:1  | Reached skill level 5 in Alchemy
 30290 | Snake:2  | Noticed Agnes
 30293 | Snake:2  | Killed Agnes
 30443 | Snake:2  | Found Tirhehim's Jewellery Boutique.
 30444 | Snake:2  | Found Enileph's Book Shoppe.
 30445 | Snake:2  | Found Obysiex's Jewellery Boutique.
 30505 | Snake:2  | Bought the ring of Moedefeqya {rElec rCorr Int-4 Dex+6
                  | Slay+5} for 954 gold pieces
 30561 | Snake:2  | Reached skill level 16 in Hexes
 30853 | Snake:2  | Reached skill level 1 in Shields
 31718 | Snake:3  | Reached XP level 17. HP: 106/106 MP: 24/24
 32168 | Snake:3  | Found Kiuxa's Weapon Shop.
 32243 | Snake:3  | Reached skill level 17 in Hexes
 32244 | Snake:3  | Reached skill level 5 in Shields
 32834 | Snake:4  | Entered Level 4 of the Snake Pit
 33405 | Snake:4  | Reached skill level 18 in Hexes
 33579 | Snake:4  | Noticed Mlioglotl
 33666 | Snake:4  | Killed Mlioglotl
 34283 | Snake:4  | Reached skill level 19 in Hexes
 34305 | Snake:4  | Noticed Vashnia
 34319 | Snake:4  | Killed Vashnia
 35037 | Snake:4  | Reached skill level 20 in Hexes
 35303 | Snake:4  | Got a serpentine rune of Zot
 35472 | Shoals:1 | Entered Level 1 of the Shoals
 35473 | Shoals:1 | Upgraded the game from 0.31-a0-1336-g7fd7ca34b5 to
                  | 0.31-a0-1447-g87ca8d402b
 35473 | Shoals:1 | Upgraded the game from 0.31-a0-1447-g87ca8d402b to
                  | 0.31-a0-1612-g4aaf141004
 35601 | Shoals:1 | Reached XP level 18. HP: 112/112 MP: 25/25
 35611 | Shoals:1 | Reached skill level 21 in Hexes
 36297 | Shoals:1 | Reached skill level 22 in Hexes
 37208 | Shoals:3 | Noticed Ilsuiw
 37234 | Shoals:3 | Found Bach's Weapon Shoppe.
 37481 | Shoals:3 | Reached skill level 1 in Evocations
 37611 | Shoals:3 | Upgraded the game from 0.31-a0-1612-g4aaf141004 to
                  | 0.31-a0-1620-gcbf77bbcfc
 37897 | Shoals:3 | Killed Ilsuiw
 38157 | Shoals:3 | Found Eczaji's Merfolk Armours.
 38157 | Shoals:3 | Found Eczaji's Merfolk Weapons.
 38277 | Shoals:3 | Bought a +1 pair of boots for 230 gold pieces
 38625 | Shoals:4 | Entered Level 4 of the Shoals
 38685 | Shoals:4 | Paralysed by an air elemental for 1 turns
 38767 | Shoals:4 | Found a stormy altar of Qazlal.
 38815 | Shoals:4 | Reached skill level 5 in Evocations
 38825 | Abyss:2  | Cast into level 2 of the Abyss (merfolk impaler)
 39215 | Abyss:2  | Noticed a lich
 39272 | Abyss:2  | Noticed a bone dragon
 39366 | Abyss:2  | Paralysed by accursed screaming for 2 turns
 39523 | Shoals:4 | Escaped the Abyss
 39974 | Shoals:4 | Reached XP level 19. HP: 128/150 MP: 14/26
 40229 | Shoals:4 | Identified the ring of Edeuhoe {Fire rPois rN++ Str+3
                  | Int-4}
 40230 | Shoals:4 | Upgraded the game from 0.31-a0-1620-gcbf77bbcfc to
                  | 0.31-a0-1626-g5cb510d322
 40573 | Shoals:4 | Identified the staff "Buos" {rElec rPois Dex-2 SInv Air
                  | Earth}
 40576 | Shoals:4 | Got a barnacled rune of Zot
 41046 | Vaults:1 | Entered Level 1 of the Vaults
 41065 | Vaults:1 | Found a crumbling gateway.
 41113 | Desolati | Entered the Desolation of Salt
 41829 | Desolati | Identified the ring of Mirth {rPois Stlth+}
 42435 | Desolati | Found the +10 tower shield of Ignorance {rN+ Int-4}
 42441 | Desolati | Got the Atlas of the Limned Oath
 42513 | Desolati | Identified the ring "Faatt" {^Contam rElec rPois rCorr}
 42516 | Desolati | Got the Volume of the Pure Quests
 42756 | Desolati | Identified the +2 dagger "Bofer" {venom, +Blink rElec}
 43007 | Desolati | Reached skill level 15 in Fighting
 43237 | Desolati | Got Sadesam's Vellum of Topomancy and the Congregation
 43359 | Desolati | Got Sif Muna's Papyrus of Resurrection and the Cumulonimbus
 43453 | Vaults:1 | Reached skill level 10 in Evocations
 43478 | Vaults:1 | Learned a level 5 spell: Borgnjor's Vile Clutch
 43513 | Vaults:1 | Reached skill level 1 in Necromancy
 43518 | Vaults:1 | Reached skill level 1 in Earth Magic
 44220 | Vaults:1 | Reached XP level 20. HP: 163/163 MP: 28/28
 44916 | Vaults:2 | Noticed Boris
 44930 | Vaults:2 | Killed Boris
 45070 | Vaults:2 | Reached skill level 5 in Necromancy
 45280 | Vaults:2 | Noticed Nikola
 45282 | Vaults:2 | Killed Nikola
 45283 | Vaults:2 | Reached skill level 5 in Earth Magic
 45843 | Vaults:2 | Noticed Jory
 45868 | Vaults:2 | Killed Jory
 46146 | Vaults:2 | Found a staircase to the Crypt.
 47171 | Vaults:3 | Paralysed by a sphinx for 3 turns
 47188 | Vaults:3 | Paralysed by a sphinx for 3 turns
 47471 | Vaults:3 | Identified the +3 helmet "Petis" {rPois rF+ rC+ Int-4}
 47942 | Vaults:3 | Reached XP level 21. HP: 171/171 MP: 31/31
 47960 | Vaults:3 | Identified the +3 shortbow "Tovvogoi" {speed, rPois rC++
                  | Str+3 Dex-5}
 48349 | Vaults:4 | Found Hidelles's Magic Scroll Shoppe.
 48365 | Vaults:4 | Bought a scroll of enchant armour for 142 gold pieces
 48368 | Vaults:4 | Bought a scroll of poison for 76 gold pieces
 48543 | Vaults:4 | Found a transporter.
 48549 | Vaults:4 | Found a transporter.
 48550 | Vaults:4 | Found a one-way gate to the infinite horrors of the Abyss.
 48550 | Vaults:4 | Noticed Fieg's ghost (veteran HuWn)
 48586 | Vaults:4 | Noticed a profane servitor
 48707 | Vaults:4 | Found Burockosch's Weapon Emporium.
 49196 | Vaults:4 | Reached skill level 10 in Necromancy
 49295 | Vaults:4 | Got the Compilation of Angles and Bewitchment
 49402 | Vaults:4 | Found Zediram's Magic Scroll Shoppe.
 49413 | Vaults:4 | Bought a scroll of enchant armour for 97 gold pieces
 49480 | Vaults:4 | Found Arhut's Antique Armour Boutique.
 49600 | Vaults:4 | Paralysed by a formless jellyfish for 1 turns
 50107 | Elf:1    | Entered Level 1 of the Elven Halls
 50197 | Elf:1    | Reached skill level 10 in Earth Magic
 50513 | Elf:1    | Found Jyunin's Assorted Antiques.
 51403 | Elf:2    | Found a flickering gateway to a bazaar.
 51428 | Bazaar   | Entered a bazaar
 51428 | Bazaar   | Found Onaenipa's Armour Boutique.
 51446 | Bazaar   | Found Hehef's Distillery.
 51454 | Bazaar   | Found Goepnerhe's Distillery.
 51460 | Bazaar   | Found Wacyna's General Store.
 51468 | Bazaar   | Found Cohidyom's Weapon Boutique.
 51488 | Bazaar   | Bought a potion of invisibility for 96 gold pieces
 51602 | Elf:2    | Found a runed translucent gate.
 51602 | Elf:2    | Found a runed translucent gate.
 51603 | Elf:2    | Found a runed translucent gate.
 52196 | Elf:3    | Entered Level 3 of the Elven Halls
 52314 | Elf:3    | Noticed Zenata
 52338 | Elf:3    | Killed Zenata
 53240 | Elf:3    | Reached XP level 22. HP: 139/180 MP: 25/32
 53509 | Elf:3    | Identified the +10 rapier "Pawul" {flame, rN+}
 54022 | Elf:3    | Identified the +12 executioner's axe of the Demonic God
                  | {freeze, Int+3}
 54243 | Elf:3    | Identified the +2 falchion "Poupp" {drain, rC+ Int+3 SInv
                  | Stlth+}
 54247 | Elf:3    | Identified the staff "Gyteenn" {rC+ Fire Ice}
 54248 | Elf:3    | Identified the +6 rapier "Cesae" {holy, rElec rN+ Dex+3}
 54881 | Crypt:1  | Entered Level 1 of the Crypt
 54914 | Crypt:1  | Learned a level 4 spell: Dispel Undead
 55542 | Crypt:1  | Identified the +1 pair of boots of the Blind Marksman
                  | {rElec rC+ rN+ rCorr}
 55631 | Crypt:1  | Identified the orb of Love and Death {light, -Cast rC++}
 55631 | Crypt:1  | Noticed Frederick
 55659 | Crypt:1  | Reached skill level 23 in Hexes
 55695 | Crypt:1  | Killed Frederick
 55753 | Crypt:1  | Identified the ring "Momabb" {rF+ rC+ Will+ Str-3}
 56146 | Crypt:2  | Noticed Boris
 56160 | Crypt:2  | Killed Boris
 57031 | Crypt:2  | Identified the +0 shortbow of Disgust {speed, rCorr Dex+4}
 57563 | Crypt:3  | Entered Level 3 of the Crypt
 57828 | Crypt:3  | Found a basalt altar of Yredelemnul.
 59030 | Crypt:3  | Identified the staff of Gin and Tonic {rN+ Dex+9 Necro}
 59121 | Crypt:3  | Reached skill level 15 in Necromancy
 59125 | Crypt:3  | Reached skill level 24 in Hexes
 59470 | Crypt:3  | Found a staircase to the Tomb.
 59891 | D:15     | Killed Inarius's ghost
 60223 | Vaults:5 | Entered Level 5 of the Vaults
 60271 | Vaults:5 | Reached XP level 23. HP: 190/190 MP: 33/33
 60291 | Vaults:5 | Learned a level 8 spell: Discord
 61495 | Vaults:5 | Noticed an ancient lich
 61510 | Vaults:5 | Killed an ancient lich
 61679 | Vaults:5 | Reached skill level 25 in Hexes
 61921 | Vaults:5 | Identified the +7 short sword of False Accusations
                  | {antimagic, rN+ Will+ SInv}
 61921 | Vaults:5 | Identified the ring of Zaskom {Str+6 Int+3 Dex+5}
 61977 | Vaults:5 | Noticed an ancient lich
 61988 | Vaults:5 | Killed an ancient lich
 62225 | Vaults:5 | Noticed an ancient lich
 62241 | Vaults:5 | Killed an ancient lich
 62573 | Vaults:5 | Noticed an ancient lich
 62608 | Vaults:5 | Killed an ancient lich
 62654 | Vaults:5 | Found Ytemnon's Antique Weapon Boutique.
 62683 | Vaults:5 | Got a silver rune of Zot
 62819 | Vaults:5 | Got Bisuul's Guidebook on Substances and the Rocks
 62969 | Vaults:5 | Identified the +1 leather armour of the Weaver {Fly Int+3
                  | Dex-5}
 63346 | Depths:1 | Entered Level 1 of the Depths
 63384 | Depths:1 | Upgraded the game from 0.31-a0-1626-g5cb510d322 to
                  | 0.32-a0-17-gb74e046682
 63446 | Depths:1 | You fall into a shaft and drop 1 floor!
 63661 | Depths:2 | Reached XP level 24. HP: 201/201 MP: 35/36
 63733 | Depths:2 | Found a gateway to Hell.
 63754 | Depths:2 | Reached skill level 26 in Hexes
 63789 | Depths:2 | Found a magical portal.
 63846 | WizLab   | Entered Zonguldrok's Shrine
 64148 | WizLab   | Noticed an antique champion
 64148 | WizLab   | Noticed an antique champion
 64163 | WizLab   | Killed an antique champion
 64192 | WizLab   | Killed an antique champion
 64388 | WizLab   | Identified the +0 plate armour "Boyr" {Rampage Int+3}
 65003 | Depths:2 | Found a shimmering blue altar of Sif Muna.
 65267 | Depths:2 | Found a one-way gate leading to the halls of Pandemonium.
 65715 | Depths:1 | Learned a level 2 spell: Blink
 65844 | Depths:1 | Found a hazy altar of Hepliaklqana.
 65982 | Depths:1 | Found a one-way gateway to a ziggurat.
 66249 | Depths:3 | Found Teaf's Distillery.
 66396 | Depths:3 | Reached skill level 1 in Translocations
 66950 | Depths:3 | Reached skill level 27 in Hexes
 67328 | Depths:3 | Noticed a juggernaut
 67334 | Depths:3 | Noticed a juggernaut
 67335 | Depths:3 | Killed a juggernaut
 67336 | Depths:3 | Noticed a dread lich
 67340 | Depths:3 | Killed a dread lich
 67346 | Depths:3 | Killed a juggernaut
 67350 | Depths:3 | Killed a juggernaut
 67352 | Depths:3 | Killed a dread lich
 67483 | Depths:3 | Found a candlelit altar of Ignis.
 67977 | Depths:4 | Entered Level 4 of the Depths
 68276 | Depths:4 | Reached XP level 25. HP: 212/212 MP: 36/36
 68288 | Depths:4 | Reached skill level 5 in Translocations
 68499 | Depths:4 | Noticed the Enchantress
 68520 | Depths:4 | Killed the Enchantress
 68544 | Depths:4 | Found a broken altar of Ashenzari.
 68788 | Depths:4 | Found a gate to the Realm of Zot.
 69678 | Zot:1    | Entered Level 1 of the Realm of Zot
 69875 | Zot:4    | Identified the ring of Piafaot {Ice Will+}
 69875 | Zot:4    | Noticed Josephina
 70090 | Zot:5    | Entered Level 5 of the Realm of Zot
 70147 | Zot:5    | Got a prismatic gem with 528 turns to spare
 70160 | Zot:5    | Noticed an ancient lich
 70166 | Zot:5    | Noticed an ancient lich
 70172 | Zot:5    | Noticed a Killer Klown
 70172 | Zot:5    | Noticed an orb of fire
 70173 | Zot:5    | Killed an ancient lich
 70177 | Zot:5    | Killed a Killer Klown
 70179 | Zot:5    | Noticed a Killer Klown
 70197 | Zot:5    | Killed a Killer Klown
 70341 | Zot:5    | Got the Orb of Zot
 70682 | D:15     | Noticed Ylowkuh the pandemonium lord
 70704 | D:15     | Killed Ylowkuh the pandemonium lord
 70769 | D:13     | Noticed Niemmu the pandemonium lord
 70769 | D:13     | Noticed an ancient lich
 71091 | D:$      | Escaped with the Orb!

Illustrated notes

Levels and vault maps discovered:
D:1:      roadster_arrival_rocket_small, layout_rooms
D:2:      layout_basic, st_stairs_11, minmay_pentomino_p4, uniq_terence
D:3:      layout_basic, ebering_ghost_disaster_area,
          shapermc_ecumenical_altar_mp_vishouse, uniq_natasha,
          uniq_crazy_yiuf_cottage
D:4:      layout_gridville
D:5:      layout_cave_pools, grunt_gozag_statues, jmf_multi_god_temple,
          uniq_duvessa
D:6:      layout_basic, minmay_temple_entry_junction, uniq_prince_ribbit1,
          uniq_grinder
D:7:      layout_loops_ring, due_unseen_surprise, uniq_pikel
D:8:      layout_rooms, enter_bailey_3, uniq_maggie, uniq_maurice, uniq_grum,
          uniq_jeremiah
D:9:      layout_stronghold, nicolae_ru_great_annihilating_truth, uniq_erica
D:10:     layout_long_grid, serial_co_window_serial, co_window_paths_b,
          co_window_cross_1, co_window_paths_a, co_window_paths_b,
          co_window_paths_a, co_window_of_opportunity_b,
          co_window_of_opportunity_b, co_window_unsneaky_path_a,
          co_window_unsneaky_path_e, co_window_corner_cb, co_window_paths_d,
          co_window_4corner_b, glass_columns_c, glass_columns_a,
          glass_columns_b, abandoned_shop, uniq_lodul
D:11:     layout_small_grid, lair_entry_dummy,
          kennysheep_orc_monster_closet_entryway
D:12:     layout_basic
D:13:     layout_stronghold
D:14:     layout_stronghold, hellmonk_vaults_keyhole, minmay_misc_feat_diagonals
D:15:     grunt_enter_depths_hoard, layout_loops_ring, columned_hall_lemuel,
          serial_shops, shop, gammafunk_ghost_fury_of_okawaru
Lair:1:   layout_long_grid, bh_autumn_forest_stairs, uniq_fannar
Lair:2:   layout_cave_pods, minmay_shoals_entry_centaurs, grunt_megastairs_2,
          uniq_nergalle, uniq_gastronok
Lair:3:   layout_layer_cave, alex1729_snake_entry_snake, serial_bayou_ford_a,
          serial_bayou_shore_a
Lair:4:   layout_hall_layers, dpeg_slime_entry_enclosed, serial_bayou_pond_b,
          uniq_snorg
Lair:5:   grunt_lair_end_beastmaster, layout_regular_city
Shoals:1: layout_shoals, nicolae_shoals_so_close
Shoals:2: layout_shoals, nicolae_shoals_seven_spires, yaktaur_hedge
Shoals:3: nicolae_shoals_mermall, layout_shoals, serial_shops, shop_fountains,
          uniq_ilsuiw
Shoals:4: shoals_end_hellmonk_storm_palace [storm_palace_center_ruins,
          storm_palace_corner_narrow, storm_palace_corner_altar,
          storm_palace_corner_reverse_hut, storm_palace_corner_narrow],
          serial_shops
Snake:1:  layout_chambers, uniq_aizul
Snake:2:  layout_cave_town, nicolae_snake_magic_snake_eye, minmay_shop_grove,
          uniq_agnes
Snake:3:  layout_basic, minmay_shop_star
Snake:4:  grunt_snake_rune_serpentine_throne, layout_cave_town, uniq_mlioglotl
Orc:1:    layout_diamond_mine, serial_shops, shop,
          nicolae_shop_advertising_works [nicolae_subvault_shop_adworks], shop,
          nicolae_shop_rolling_square, shop, mines4_lemuel
Orc:2:    grunt_orc_cross, layout_diamond_mine, nicolae_shop_self_help
Elf:1:    layout_loops_corners, serial_shops, nicolae_shop_hallway_plus,
          hangedman_elven_crosses_minicolossus, lemuel_upstairs_altar
Elf:2:    nicolae_elf_blades_splatter_lattice [nicolae_blade_entry_antechamber],
          layout_rooms, serial_shops, bzr_entry_road, grunt_megastairs_5
Elf:3:    minmay_elf_hall_dome, layout_geoelf_diagonals, grunt_megastairs_1,
          uniq_zenata
Vaults:1: portal_desolation_entry_nicolae_nacl, nicolae_vaults_what_the_h,
          st_cells, nicolae_vaults_network_barrier, vaults_room_pool,
          vaults_dpeg_emergency_exit, minmay_orc_keep,
          layout_vaults_chaotic_city
Vaults:2: v_misc_12, minmay_crypt_entry_vampire_xt,
          nicolae_vaults_mini_display_case, nicolae_vaults_yaktaur_gun_rack,
          v_misc_1, layout_vaults_quadrants, uniq_boris, uniq_nikola, uniq_jory
Vaults:3: nicolae_vaults_network_quincunx
          [nicolae_vaults_network_quincunx_subvault,
          nicolae_vaults_network_quincunx_subvault,
          nicolae_vaults_network_quincunx_subvault,
          nicolae_vaults_network_quincunx_subvault,
          nicolae_vaults_network_quincunx_subvault],
          nicolae_vaults_security_offices_1, nicolae_vaults_trapezoid_3,
          vaults_room_grunt_arrival_ludios, nicolae_vaults_oval_intersection,
          nicolae_vaults_surprise_closet, ontoclasm_vaults_gateway,
          nicolae_vaults_double_plus_1, vaults_room_door_ring,
          nicolae_vaults_apartment_1, vaults_room_pool,
          nicolae_vaults_surprise_closet, nicolae_vaults_house_1,
          dpeg_vaults_monster_box, layout_vaults_omnicross
Vaults:4: gammafunk_ghost_abyssal_escape, nicolae_vaults_surprise_closet_hard,
          nicolae_vaults_big_ls, nicolae_vaults_layer_cake_slice, v_misc_27,
          nicolae_vaults_double_plus_2, v_pattern_1,
          nicolae_vaults_ellipses_ellipsis, nicolae_vaults_spaceships,
          grunt_vaults_funnel, nicolae_vaults_little_ls, v_alt_pattern_4,
          nicolae_vaults_trapezoid_4, layout_vaults_maze, serial_shops, shop,
          shop, nicolae_shop_hallway_plus, shop_statue
Vaults:5
Crypt:1:  layout_chaotic_city, nicolae_crypt_grand_chamber, uniq_frederick
Crypt:2:  layout_catacombs
Crypt:3:  grunt_crypt_end_deaths_head
Depths:1: layout_honeycomb, enter_ziggurat_f, grunt_hell_entry_dis_grunt,
          kennysheep_boxes, nicolae_hepliaklqana_hippocampus
Depths:2: cheibrodos_poisonous_passages, layout_cave_shapes,
          grunt_pan_entry_spiral, hell_entry, led_sif_pool,
          infiniplex_enter_wizlab_water, kennysheep_generic_room_13
Depths:3: regret_index_infernal_bastille, layout_twisted_cross,
          abyss_entry_glasseish, serial_shops, nicolae_stop_n_shop_2,
          pf_hell_entry_tar_river, skrybe_limestone_x,
          infiniplex_staircase_spiral_double
Depths:4: grunt_x_marks_the_spot, layout_gridlike, nicolae_ashenzari_skybound,
          abyss_entry_small_statue_room, hell_entry, uniq_enchantress
Zot:1:    kennysheep_oblong_rooms, layout_basic, hellmonk_ghost_happy_afterlife,
          grunt_ministairs_7
Zot:2:    layout_twisted_circle, regret_index_zotdec_twisting_globes
Zot:3:    layout_twisted_circle, gammafunk_ghost_arena
Zot:4:    layout_basic, ebering_ghost_gozag, uniq_josephina, uniq_grunn
Zot:5:    layout_basic, ebering_ghost_rock_garden, bh_zot_ikea_curve,
          grunt_ministairs_15

Skill      XL: |  1  2  3  4  5  6  7  8  9 10 11 12 13 14 15 16 17 18 19 20 21 22 23 24 25 |
---------------+----------------------------------------------------------------------------+-----
Stealth        | 6 7 8 10 12 14 16 | 16.0
Short Blades   | 3 4 5 7 9 10 | 10.0
Throwing       | 2 3 4 |  4.0
Hexes          | 1 3 4 6 10 12 14 16 20 22 24 25 27 | 27.0
Armour         | 1 2 |  2.0
Fighting       | 2 6 8 9 11 12 13 15 16 18 19 20 | 20.9
Dodging        | 2 7 10 11 14 16 17 19 20 21 | 21.5
Long Blades    | 6 12 14 15 | 15.0
Spellcasting   | 4 5 7 9 |  9.0
Alchemy        | 3 7 9 |  9.0
Shields        | 2 6 8 |  8.7
Evocations     | 6 10 | 10.0
Necromancy     | 3 9 12 15 | 15.3
Earth Magic    | 3 8 11 12 | 12.5
Translocations | 4 6 |  6.0

Action                     |  1- 3 |  4- 6 |  7- 9 | 10-12 | 13-15 | 16-18 | 19-21 | 22-24 | 25-27 || total
---------------------------+-------+-------+-------+-------+-------+-------+-------+-------+-------++-------
  Melee: Dagger            |   116 |   266 |       |       |       |       |       |       |       ||   382
         Bite              |    13 |    32 |    51 |   106 |   254 |   326 |   305 |   413 |    84 ||  1584
         Punch             |     1 |     3 |     8 |     9 |     7 |       |       |       |       ||    28
         Short sword       |       |       |   354 |   641 |  1405 |   954 |       |       |       ||  3354
         Scimitar          |       |       |       |    46 |    16 |   786 |  1334 |   781 |       ||  2963
         Rapier            |       |       |       |       |       |    64 |   279 |   702 |     7 ||  1052
         Double sword      |       |       |       |       |       |       |       |   521 |   346 ||   867
  Throw: Dart              |       |     5 |       |     2 |       |       |       |       |       ||     7
         Throwing net      |       |       |       |       |     1 |       |       |       |       ||     1
   Cast: Confusing Touch   |       |       |     3 |    38 |   172 |   114 |       |       |       ||   327
         Yara's Violent Un |       |       |       |       |       |    23 |    51 |    55 |     2 ||   131
         Enfeeble          |       |       |       |       |       |    11 |    15 |    25 |     7 ||    58
         Cause Fear        |       |       |       |       |       |     1 |       |       |       ||     1
         Borgnjor's Vile C |       |       |       |       |       |       |     4 |     5 |       ||     9
         Dispel Undead     |       |       |       |       |       |       |       |    68 |       ||    68
         Discord           |       |       |       |       |       |       |       |     2 |     4 ||     6
 Invoke: Potion Petition   |       |       |       |     1 |     2 |    11 |     3 |    14 |     2 ||    33
         Bribe Branch      |       |       |       |       |       |       |       |       |     1 ||     1
Ability: Exsanguinate      |       |       |       |     1 |       |     1 |       |       |       ||     2
         Revivify          |       |       |       |     1 |       |     1 |       |       |       ||     2
  Evoke: Wand              |       |       |       |       |       |     2 |       |     7 |       ||     9
         Lightning rod     |       |       |       |       |       |       |       |     4 |       ||     4
    Use: Scroll            |       |     3 |     8 |    10 |    13 |    10 |    11 |     7 |     9 ||    71
         Potion            |       |       |       |     2 |     2 |     4 |     1 |     3 |       ||    12
   Stab: Sleeping          |     8 |    18 |     8 |    22 |    53 |    69 |    81 |    39 |     3 ||   301
         Distracted        |       |     1 |     1 |     8 |    19 |    28 |    30 |    23 |     1 ||   111
         Confused          |       |       |     3 |    43 |   201 |   115 |       |       |       ||   362
         Held in net/web   |       |       |       |       |     2 |       |       |       |       ||     2
         Invisible         |       |       |       |       |     2 |     7 |     6 |    32 |     2 ||    49
 Armour: Robe              |    54 |    82 |       |       |       |       |       |       |       ||   136
         Leather armour    |       |    34 |   102 |    39 |       |       |       |       |       ||   175
         Steam dragon scal |       |       |       |   150 |   466 |       |       |       |       ||   616
         Troll leather arm |       |       |       |       |    94 |   699 |   571 |   754 |   262 ||  2380
  Dodge: Dodged            |    62 |   121 |   101 |   387 |   985 |  1361 |  1125 |  1185 |   396 ||  5723
  Block: Buckler           |       |       |       |       |       |   406 |   412 |   673 |    38 ||  1529
         Kite shield       |       |       |       |       |       |       |       |       |   285 ||   285

Table legend: (Time is in decaauts)
 A = Elapsed time spent in this place.
 B = Non-inter-level travel time spent in this place.
 C = Inter-level travel time spent in this place.
 D = Time resting spent in this place.
 E = Time spent auto-exploring this place.
 F = Levels seen in this place.
 G = Mean time per level.
                   A        B        C        D        E       F      G
               +--------+--------+--------+--------+--------+-----+--------+
         Total |  68367 |  63130 |   5237 |   3810 |  35962 |  55 | 1243.0 |
       Dungeon |  16873 |  14638 |   2235 |    529 |  10068 |  15 | 1124.9 |
          Lair |   7843 |   7227 |    616 |    535 |   4929 |   5 | 1568.6 |
        Shoals |   4616 |   4417 |    199 |    294 |   1902 |   4 | 1154.0 |
     Snake Pit |   7042 |   6808 |    234 |    282 |   4332 |   4 | 1760.5 |
  Orcish Mines |   2985 |   2798 |    187 |    121 |   1729 |   2 | 1492.5 |
   Elven Halls |   4194 |   3970 |    224 |     25 |   2336 |   3 | 1398.0 |
        Vaults |   9552 |   8768 |    784 |    698 |   4598 |   5 | 1910.4 |
         Crypt |   4898 |   4696 |    202 |    514 |   2585 |   3 | 1632.7 |
        Depths |   5429 |   4904 |    525 |    164 |   2860 |   4 | 1357.2 |
           Zot |    861 |    834 |     27 |    236 |      0 |   5 |  172.2 |
         Abyss |    636 |    636 |      0 |      0 |     95 |   1 |  636.0 |
        Bazaar |     83 |     83 |      0 |      0 |      0 |   1 |   83.0 |
        Bailey |    529 |    529 |      0 |     13 |    150 |   1 |  529.0 |
        Wizlab |    626 |    626 |      0 |    123 |    107 |   1 |  626.0 |
    Desolation |   2192 |   2192 |      0 |    274 |    267 |   1 | 2192.0 |
               +--------+--------+--------+--------+--------+-----+--------+

Top non-repeatable levels by time:
Vaults:5: 2682 daAuts
 Snake:2: 2362 daAuts
 Snake:4: 2227 daAuts
   Elf:3: 2220 daAuts
Desolation: 2192 daAuts
Vaults:2: 2004 daAuts
  Lair:2: 1959 daAuts
 Crypt:3: 1917 daAuts
 Crypt:2: 1882 daAuts
Vaults:1: 1865 daAuts
   Orc:2: 1808 daAuts
  Lair:3: 1701 daAuts
    D:14: 1697 daAuts
Depths:3: 1681 daAuts
Vaults:4: 1641 daAuts
